AoeStats
← BKPK

Arena

504534854Analyzed
4v4 RM · 27d ago on Sep 5, 2026· 43m 50s· 8 players
Game mode
Random Map
Map size
Large (8 player)
Population
200
Speed
Normal
Resources
Standard
Victory
Conquest
Starting age
Dark Age
Ending age
Imperial Age
RankedLock teamsTeams togetherTeam positionsShared explorationLock speedFull tech treeHidden civsTurbo modeCheats
Victory
Defeat
🇨🇳 Franks · China
1111
+18
🇮🇳 Goths · India
1093
+18
🇲🇴 Byzantines · Macao SAR China
1078
+19
🇫🇮 Vietnamese · Finland
1078
+19
1212
-22
🇹🇼 Vietnamese · Taiwan
1204
-21
🇹🇼 Britons · Taiwan
1195
-20
🇹🇼 Persians · Taiwan
957
-35
k-otic
0:27 Loom
11:10 Feudal Age
15:51 Castle Age
14:24 Double-Bit Axe
15:07 Horse Collar
23:48 Squires
24:45 Pikeman
28:16 Anarchy
28:21 Scale Mail Armor
32:01 Chain Mail Armor
37:39 Imperial Age
35:23 Forging
37:12 Iron Casting
38:40 Wheelbarrow
37:41 Halberdier
39:18 Conscription
38:56 Gold Mining
42:07 Blast Furnace
巨炮叔叔
10:20 Feudal Age
14:24 Castle Age
12:50 Double-Bit Axe
13:29 Loom
16:00 Bow Saw
21:35 Wheelbarrow
25:45 Hand Cart
25:30 Stone Mining
25:30 Gold Mining
27:57 Gold Shaft Mining
30:24 Imperial Age
28:27 Scale Barding Armor
28:33 Forging
29:03 Husbandry
29:52 Chain Barding Armor
30:36 Iron Casting
30:31 Cavalier
31:48 Plate Barding Armor
31:20 Chivalry
31:42 Conscription
31:31 Capped Ram
33:20 Blast Furnace
32:16 Paladin
39:09 Siege Engineers
40:05 Chemistry
38:45 Pikeman
39:25 Squires
39:10 Gambesons
39:27 Scale Mail Armor
39:28 Halberdier
40:26 Chain Mail Armor
42:02 Plate Mail Armor
TomJerry
10:45 Feudal Age
12:49 Double-Bit Axe
15:33 Castle Age
13:50 Horse Collar
15:38 Wheelbarrow
16:32 Bow Saw
16:22 Heavy Plow
19:31 Loom
22:23 Stone Mining
22:37 Gold Mining
27:27 Stone Shaft Mining
28:49 Hand Cart
32:11 Imperial Age
29:21 Pikeman
30:02 Squires
29:47 Arson
29:23 Man-at-Arms
30:05 Padded Archer Armor
30:11 Fletching
30:31 Forging
30:22 Scale Mail Armor
30:42 Town Watch
31:13 Leather Archer Armor
31:27 Fortified Wall
31:23 Bodkin Arrow
32:00 Leather Archer Armor
31:46 Scale Mail Armor
32:44 Iron Casting
33:15 Paper Money
32:55 Chatras
32:16 Elite Rattan Archer
34:12 Chemistry
33:32 Ballistics
33:07 Halberdier
33:08 Long Swordsman
35:39 Bracer
36:10 Ring Archer Armor
35:55 Chain Mail Armor
37:53 Murder Holes
38:23 Scale Barding Armor
38:49 Plate Mail Armor
38:27 Town Patrol
40:01 Bombard Tower
40:35 Chain Barding Armor
41:43 Two-Man Saw
41:13 Crop Rotation
40:29 Treadmill Crane
42:36 Plate Barding Armor
Barbaren
0:28 Loom
12:01 Feudal Age
13:41 Horse Collar
20:00 Castle Age
18:07 Double-Bit Axe
18:44 Gold Mining
21:00 Heavy Plow
21:12 Bow Saw
22:57 Fortified Wall
26:17 Imperial Age
24:40 Gold Shaft Mining
24:10 Elite Skirmisher
25:07 Fletching
25:53 Stone Mining
26:44 Bodkin Arrow
27:29 Stone Shaft Mining
27:55 Padded Archer Armor
28:15 Imperial Skirmisher
30:59 Pikeman
32:46 Crop Rotation
35:08 Wheelbarrow
35:07 Squires
36:24 Leather Archer Armor
36:57 Conscription
37:30 Thumb Ring
38:00 Halberdier
39:39 Bracer
41:23 Chemistry
41:48 Two-Man Saw
42:19 Hand Cart
42:29 Ballistics
42:45 Ring Archer Armor
44:10 Gambesons
44:11 Arson
Pocket civ disappoints and I AFK
11:00 Feudal Age
11:51 Double-Bit Axe
16:01 Castle Age
13:53 Horse Collar
14:25 Gold Mining
16:51 Bow Saw
17:21 Light Cavalry
19:06 Light Cavalry
25:19 Bloodlines
26:55 Wheelbarrow
26:37 Scale Barding Armor
27:08 Stone Mining
28:24 Stone Shaft Mining
28:07 Husbandry
29:20 Heavy Plow
32:33 Imperial Age
30:41 Chain Barding Armor
31:43 Forging
32:33 Loom
33:52 Iron Casting
33:46 Hand Cart
34:44 Conscription
35:42 Plate Barding Armor
35:11 Town Watch
35:47 Elite Leitis
YAN-WEI
9:28 Feudal Age
14:16 Castle Age
14:41 Fletching
15:39 Double-Bit Axe
18:27 Loom
21:47 Town Watch
24:57 Bodkin Arrow
25:00 Horse Collar
29:21 Bow Saw
33:55 Imperial Age
32:01 Wheelbarrow
32:17 Yeomen
34:04 Murder Holes
33:50 Pikeman
34:40 Scale Mail Armor
36:08 Fortified Wall
36:41 Bracer
37:46 Chemistry
37:02 Halberdier
38:22 Squires
38:40 Chain Mail Armor
41:02 Crossbowman
42:15 Plate Mail Armor
41:40 Arbalester
BKPK
10:43 Feudal Age
12:19 Double-Bit Axe
16:16 Castle Age
16:24 Horse Collar
17:46 Bow Saw
18:03 Heavy Plow
18:05 Loom
19:59 Gold Mining
21:44 Stone Mining
25:11 Stone Shaft Mining
26:48 Wheelbarrow
27:34 Hand Cart
29:46 Thumb Ring
29:03 Elite Skirmisher
29:41 Fletching
33:01 Imperial Age
30:38 Bodkin Arrow
30:46 Padded Archer Armor
32:16 Leather Archer Armor
31:27 Pikeman
32:08 Squires
31:53 Arson
32:33 Sanctity
32:16 Devotion
32:15 Herbal Medicine
32:24 Atonement
33:46 Imperial Skirmisher
35:04 Hoardings
34:14 Treadmill Crane
34:55 Ballistics
35:36 Chemistry
34:04 Elite Rattan Archer
37:30 Halberdier
38:29 Bracer
39:00 Ring Archer Armor
39:41 Scale Mail Armor
41:45 Siege Engineers
TW_YuAn
14:25 Feudal Age
16:32 Scale Barding Armor
16:21 Double-Bit Axe
19:14 Bloodlines
22:01 Castle Age
22:20 Forging
22:28 Bloodlines
25:33 Husbandry
32:48 Bow Saw
37:13 Thumb Ring
40:26 Crossbowman
Connection lost

Rejoining the realm…

Still unreachable

The connection could not be restored.

Session expired

The server has moved on; the page needs a fresh start.